 Dungeon Crawl Stone Soup version 0.24-a0-139-geb6712d (webtiles) character file.

Game seed: 14710801225950113895

30960 jerryfan the Protected (level 13, -2/126 HPs)
             Began as a Gargoyle Fighter on Mar 1, 2019.
             Was an Elder of Vehumet.
             Slain by a spiny frog (13 damage)
             ... on level 5 of the Lair of Beasts.
             The game lasted 00:42:59 (15508 turns).

jerryfan the Protected (Gargoyle Fighter)          Turns: 15508, Time: 00:43:00

Health: -2/126     AC: 26    Str: 22    XL:     13   Next: 55%
Magic:  26/26      EV:  2    Int: 17    God:    Vehumet [****..]
Gold:   675        SH:  4    Dex: 11    Spells: 10/31 levels left

rFire    + . .     SeeInvis .   a - +9 long sword of the Bruised Dances {slice, rPois}
rCold    . . .     Gourm    +   g - +0 buckler
rNeg     + + +     Faith    .   (armour currently unavailable)
rPois    ∞         Spirit   .   (helmet currently unavailable)
rElec    .         Reflect  .   (cloak currently unavailable)
rCorr    .         Harm     .   (gloves currently unavailable)
MR       .....     NoTele   +   (boots currently unavailable)
Stlth    +.........             W - amulet of the gourmand
HPRegen  0.31/turn              l - ring of protection from fire
MPRegen  0.20/turn              o - ring of flight

@: brilliant, tree-form, hasted, very quick
A: agile 1, negative energy resistance 1, petrification resistance, rot
immunity, AC +9
a: Renounce Religion


You were on level 5 of the Lair of Beasts.
You worshipped Vehumet.
Vehumet was greatly pleased with you.
You were not hungry.
You were a tree.
You visited 3 branches of the dungeon, and saw 19 of its levels.

You collected 940 gold pieces.
You spent 265 gold pieces at shops.

Inventory:

Hand Weapons
 a - the +9 long sword of the Bruised Dances (weapon) {slice, rPois}
   (You bought it in a shop on level 4 of the Dungeon)

   It inflicts extra damage upon your enemies.
   It protects you from poison.
 b - a +1 whip of draining
 x - a +0 flail
Missiles
 L - 217 stones (quivered)
Armour
 c - a +0 shield
 g - a +0 buckler (worn)
 n - a +0 scale mail (melded)
 v - a +1 plate armour of fire resistance
 G - a +2 pair of boots of running (melded)
 U - a +1 pair of gloves (melded)
Jewellery
 l - a ring of protection from fire (left branch)
 o - a ring of flight (right branch)
 W - an amulet of the gourmand (around neck)
Wands
 H - a wand of flame (7)
 P - a wand of scattershot (2)
 T - a wand of random effects (49)
 V - a wand of acid (20)
Scrolls
 e - 6 scrolls of teleportation
 i - 3 scrolls of fog {unknown}
 j - 6 scrolls of identify
 m - 4 scrolls of enchant armour
 p - 7 scrolls of remove curse
 q - 5 scrolls of amnesia
 s - 3 scrolls of enchant weapon
 w - 2 scrolls of blinking {unknown}
 y - 2 scrolls of magic mapping
 A - 3 scrolls of noise
 C - 4 scrolls of immolation {unknown}
 F - a scroll of fear {unknown}
 I - a scroll of silence {unknown}
 N - a scroll of summoning {unknown}
 Q - a scroll of torment {unknown}
 S - a scroll of acquirement {unknown}
 X - a scroll of holy word {unknown}
Potions
 d - 3 potions of might
 h - 9 potions of curing
 k - a potion of invisibility
 r - a potion of agility {unknown}
 t - a potion of berserk rage
 u - a potion of heal wounds {unknown}
 z - a potion of flight
 B - a potion of brilliance
 D - a potion of magic {unknown}
 E - 2 potions of lignification
 J - 2 potions of degeneration {unknown}
 K - 2 potions of ambrosia {unknown}
 M - 2 potions of haste
 R - a potion of cancellation
Miscellaneous
 O - a phial of floods (inert)
Comestibles
 f - 26 rations


   Skills:
 + Level 11.1 Fighting
 + Level 8.8 Long Blades
 - Level 2.9 Maces & Flails
 + Level 11.2 Armour
 - Level 4.0 Shields
 * Level 9.8 Spellcasting
 + Level 9.5 Conjurations
 - Level 8.0 Earth Magic


You had 10 spell levels left.
You knew the following spells:

 Your Spells              Type           Power        Failure   Level  Hunger
a - Shock                 Conj/Air       ####         1%          1    None
b - Sandblast             Erth           #####.       1%          1    None
c - Ignite Poison         Fire/Tmut/Pois ###.....     3%          3    None
d - Force Lance           Conj/Tloc      ####....     1%          4    ###....
e - Fulminant Prism       Conj/Hex       ####......   1%          4    ###....
f - Olgreb's Toxic Radia  Pois           ###.....     10%         4    ###....
g - Iskenderun's Mystic   Conj           ######..     1%          4    ###....

Your spell library contained the following spells:

 Spells                   Type           Power        Failure   Level  Hunger
 Magic Dart               Conj           ####         1%          1    None
 Poisonous Vapours        Pois/Air       ###...       1%          2    None
 Searing Ray              Conj           ######       1%          2    None
 Shroud of Golubria       Chrm/Tloc      ###.......   1%          2    None
 Song of Slaying          Chrm           ###.....     1%          2    None
 Swiftness                Chrm/Air       ###.....     1%          2    None
 Throw Flame              Conj/Fire      ####..       1%          2    None
 Throw Frost              Conj/Ice       ####..       1%          2    None
 Dazzling Spray           Conj/Hex       ####..       1%          3    None
 Static Discharge         Conj/Air       ####....     1%          3    None
 Lightning Bolt           Conj/Air       ####......   4%          5    #####..
 Airstrike                Air            ###.......   10%         4    ###....


Dungeon Overview and Level Annotations

Branches:
Dungeon (12/15)            Temple (1/1) D:6            Lair (6/6) D:11
  Swamp (0/4) Lair:2       Spider (0/4) Lair:2
  Slime: Lair:5-6       Orc: D:9-12

Altars:
Ashenzari
Cheibriados
Dithmenos
Elyvilon
Fedhas
Gozag
Hepliaklqana
Kikubaaqudgha
Makhleb
Nemelex Xobeh
Okawaru
Qazlal
Ru
Sif Muna
Trog
Uskayaw
Vehumet
Wu Jian
Xom
Yredelemnul
Zin
The Shining One

Shops:
D:4 ((*[   D:5 %   D:7 %   D:9 *

Annotations:
D:4 exclusion: downstairs
D:10 exclusion: downstairs
Lair:1 exclusion: oklob plant
Lair:4 exclusion: downstairs
Lair:5 exclusions: 2 downstairs and 2 oklob plants


Innate Abilities, Weirdness & Mutations

You are resistant to torment.
((Your stone body is resilient. (AC +9)))
You are immune to poison.
You resist negative energy. (rN+)
((You are resistant to electric shocks. (rElec)))
((You can survive without breathing.))
You are immune to petrification.
You are immune to rotting.
((You have a pair of small antennae on your head.))
((You have sharp fingernails.))
((You are partially covered in slimy green scales. (AC +2)))
You are agile. (Dex +2)
((Your flesh is heat resistant. (rF+)))


Message History

Vehumet accepts your kill. The wolf bites you.
* * * LOW HITPOINT WARNING * * *
The wolf bites you but does no damage. The spiny frog stings you.
* * * LOW HITPOINT WARNING * * *
Okay, then.
You slash the spiny frog!
The spiny frog is heavily wounded.
The wolf bites you but does no damage. You block the wolf's attack.
The spiny frog stings you!
* * * LOW HITPOINT WARNING * * *
It was a potion of brilliance.
You feel clever all of a sudden. You block the wolf's attack.
The spiny frog stings you but does no damage.
The wolf bites you.
* * * LOW HITPOINT WARNING * * *
It was a potion of haste.
You feel yourself speed up. You block the wolf's attack.
The spiny frog stings you!
You die...

..........................####...
........................>........
.......................<†........
.................................
.................................
.....#...#...#.........P#....#...
....#.....#####.##...#..#.####...
.....P....#....###....#.#..###...
..........##....♣h..........##...
.....#....##....#F#........#.#...
..........##.....##...##.P..##...
..#.#.......##.####...#.#..###...
.##......###....###..##..#..##...
.........#.#.....P.......l.......
................PP...............
##...#.PP##.##..#P...............
###..#.P#####.########.###P#####


You could see a spiny frog and a wolf.

Vanquished Creatures
  Snorg (D:11)
  Josephine (D:11)
  3 hydras
  A catoblepas (Lair:5)
  Nergalle (D:10)
  A swamp dragon (Lair:2)
  A cyclops (D:11)
  A centaur zombie (D:12)
  11 elephants
  3 black mambas
  5 spiny frogs
  3 komodo dragons
  A polar bear (Lair:5)
  Grinder (D:5)
  19 blink frogs
  5 hippogriffs
  A hornet (Lair:2)
  4 wyverns
  A basilisk (Lair:2)
  5 wraiths (D:11)
  20 yaks
  A steam dragon (D:11)
  3 hungry ghosts
  A soldier ant (D:11)
  9 water moccasins
  Duvessa (D:5)
  4 porcupines
  A phantom (D:10)
  2 black bears
  2 orc warriors
  5 ogres
  2 necrophages
  2 sky beasts
  13 centaurs
  4 wolves (Lair:1)
  9 crocodiles
  A gnoll sergeant (D:6)
  A big kobold (D:11)
  9 bullfrogs
  Dowan (D:5)
  7 scorpions
  9 killer bees
  8 howler monkeys
  4 wights (D:10)
  2 electric eels (Lair:5)
  5 crimson imps
  10 jellies
  2 bullfrog skeletons
  A bullfrog zombie (D:11)
  A centaur skeleton (D:9)
  5 hounds
  An iron imp (D:5)
  5 orc priests
  3 orc wizards
  Jessica (D:11)
  An iguana (Lair:2)
  6 worker ants
  A hound zombie (D:5)
  3 hound skeletons
  9 gnolls
  4 adders
  3 shadow imps
  7 oozes
  An adder zombie (D:9)
  An adder skeleton (D:5)
  6 worms
  2 dart slugs
  7 leopard geckos
  11 orcs
  11 bats
  8 giant cockroaches
  9 goblins
  6 hobgoblins
  2 jackals (D:1)
  8 kobolds
  11 quokkas
  2 ball pythons
  2 frilled lizards
  A quokka skeleton (D:5)
  5 rats
  A plant (Lair:5)
352 creatures vanquished.

Vanquished Creatures (others)
  A crocodile (Lair:2)
  An iguana (Lair:2)
  13 fulminant prisms
  3 fungi (Lair:4)
  12 plants
30 creatures vanquished.

Grand Total: 382 creatures vanquished

Notes
Turn   | Place    | Note
-------+----------+-------------------------------------------
     0 | D:1      | jerryfan the Gargoyle Fighter began the quest for the Orb.
     0 | D:1      | Reached XP level 1. HP: 14/14 MP: 1/1
    42 | D:1      | Reached XP level 2. HP: 19/19 MP: 1/3
    51 | D:1      | Reached skill level 1 in Spellcasting
   228 | D:1      | Reached XP level 3. HP: 23/23 MP: 4/4
   556 | D:2      | Found a sparkling altar of Nemelex Xobeh.
   557 | D:2      | Found an opulent altar of Gozag.
   875 | D:2      | Reached XP level 4. HP: 29/29 MP: 6/6
   978 | D:2      | Found a stormy altar of Qazlal.
   981 | D:2      | Found a white marble altar of Elyvilon.
  1108 | D:2      | Found an ancient bone altar of Kikubaaqudgha.
  1282 | D:3      | Found a bloodstained altar of Trog.
  1314 | D:3      | Reached XP level 5. HP: 21/33 MP: 8/8
  2211 | D:4      | Found Bishrim's Weapon Shop.
  2287 | D:4      | Found Ahuu's Antique Weapon Boutique.
  2308 | D:4      | Bought an encrusted long sword for 161 gold pieces
  2308 | D:4      | Identified the +9 long sword of the Bruised Dances {slice,
                  | rPois} (You bought it in a shop on level 4 of the Dungeon)
  2412 | D:4      | Reached XP level 6. HP: 38/38 MP: 10/10
  2420 | D:4      | Reached skill level 1 in Long Blades
  2755 | D:4      | Found Uquot's Assorted Antiques.
  2789 | D:4      | Found Hianwage's Armour Emporium.
  2826 | D:5      | Entered Level 5 of the Dungeon
  2904 | D:5      | Noticed Duvessa
  2904 | D:5      | Noticed Dowan
  2985 | D:5      | Reached XP level 7. HP: 39/44 MP: 12/12
  3008 | D:5      | Noticed Grinder
  3028 | D:5      | Killed Grinder
  3218 | D:5      | Found a glowing golden altar of the Shining One.
  3239 | D:5      | Reached skill level 5 in Armour
  3307 | D:5      | Found Uruster's Food Shoppe.
  3355 | D:5      | Found a snail-covered altar of Cheibriados.
  3446 | D:5      | Killed Duvessa
  3446 | D:5      | Reached skill level 5 in Fighting
  3452 | D:5      | Killed Dowan
  3452 | D:5      | Reached XP level 8. HP: 23/49 MP: 13/15
  3819 | D:6      | Found a burning altar of Makhleb.
  3852 | D:6      | Identified a +1 pair of boots of running (You found it on
                  | level 6 of the Dungeon)
  3901 | D:6      | Found a shadowy altar of Dithmenos.
  3912 | D:6      | Found a hazy altar of Hepliaklqana.
  3922 | D:6      | Reached skill level 5 in Spellcasting
  4053 | D:6      | Found a staircase to the Ecumenical Temple.
  4068 | Temple   | Entered the Ecumenical Temple
  4108 | Temple   | Became a worshipper of Vehumet
  4491 | D:7      | Learned a level 1 spell: Shock
  4731 | D:7      | Reached skill level 1 in Conjurations
  4945 | D:7      | Found Eqiuci's Food Shop.
  4994 | D:7      | Reached * piety under Vehumet
  4994 | D:7      | Offered knowledge of Sting by Vehumet.
  5112 | D:8      | Reached XP level 9. HP: 55/55 MP: 18/18
  6011 | D:9      | Found a shattered altar of Ashenzari.
  6304 | D:9      | Reached ** piety under Vehumet
  6304 | D:9      | Offered knowledge of Sandblast by Vehumet.
  6307 | D:9      | Learned a level 1 spell: Sandblast
  6322 | D:9      | Found Rumik's General Store.
  6338 | D:9      | Reached skill level 1 in Earth Magic
  6338 | D:9      | Reached XP level 10. HP: 63/63 MP: 21/21
  6577 | D:10     | Entered Level 10 of the Dungeon
  6782 | D:10     | Reached skill level 5 in Long Blades
  6836 | D:10     | Noticed Nergalle
  6852 | D:10     | Killed Nergalle
  7270 | D:11     | Noticed Josephine
  7544 | D:11     | Reached skill level 5 in Earth Magic
  7561 | D:11     | Reached skill level 5 in Conjurations
  7589 | D:11     | Offered knowledge of Ignite Poison by Vehumet.
  7602 | D:11     | Learned a level 3 spell: Ignite Poison
  7785 | D:11     | Noticed a cyclops
  7790 | D:11     | Killed a cyclops
  7790 | D:11     | Reached *** piety under Vehumet
  7802 | D:11     | Noticed Snorg
  7893 | D:11     | Killed Snorg
  7893 | D:11     | Reached XP level 11. HP: 24/68 MP: 22/22
  7900 | D:11     | Killed Josephine
  8083 | D:11     | Gained mutation: You are frail. (-10% HP) [potion of
                  | mutation]
  8083 | D:11     | Gained mutation: You expend magic power (3 MP) to
                  | strengthen your wands. [potion of mutation]
  8084 | D:11     | Lost mutation: You are frail. (-10% HP) [potion of
                  | mutation]
  8084 | D:11     | Lost mutation: You expend magic power (3 MP) to strengthen
                  | your wands. [potion of mutation]
  8084 | D:11     | Gained mutation: Your magical capacity is low. (-10% MP)
                  | [potion of mutation]
  8084 | D:11     | Gained mutation: Your body sometimes deteriorates upon
                  | taking damage. [potion of mutation]
  8084 | D:11     | Gained mutation: Your flesh is heat resistant. (rF+)
                  | [potion of mutation]
  8340 | D:9      | Bought a potion of mutation for 104 gold pieces
  8340 | D:9      | Lost mutation: Your body sometimes deteriorates upon taking
                  | damage. [potion of mutation]
  8340 | D:9      | Lost mutation: Your magical capacity is low. (-10% MP)
                  | [potion of mutation]
  8340 | D:9      | Gained mutation: You have a pair of small antennae on your
                  | head. [potion of mutation]
  8340 | D:9      | Gained mutation: You are agile. (Dex +2) [potion of
                  | mutation]
  8340 | D:9      | Gained mutation: You have sharp fingernails. [potion of
                  | mutation]
  8340 | D:9      | Gained mutation: You are partially covered in slimy green
                  | scales. (AC +2) [potion of mutation]
  8559 | D:11     | Offered knowledge of Force Lance by Vehumet.
  8565 | D:11     | Learned a level 4 spell: Force Lance
  8588 | D:11     | Noticed Jessica
  8599 | D:11     | Killed Jessica
  8609 | D:11     | Found a deep blue altar of Sif Muna.
  8677 | D:11     | Noticed a cyclops
  9227 | D:11     | Reached **** piety under Vehumet
  9254 | D:11     | Found a staircase to the Lair.
  9401 | D:12     | Noticed a cyclops
  9505 | Lair:1   | Entered Level 1 of the Lair of Beasts
  9543 | Lair:1   | Identified Awegiash's Arcane Arts Continued
  9838 | Lair:1   | Noticed an oklob plant
  9910 | Lair:1   | Reached XP level 12. HP: 58/76 MP: 23/23
  9917 | Lair:1   | Offered knowledge of Fulminant Prism by Vehumet.
  9923 | Lair:1   | Learned a level 4 spell: Fulminant Prism
 10081 | Lair:1   | Found a deep blue altar of Sif Muna.
 10615 | Lair:2   | Found a staircase to the Swamp.
 10785 | Lair:2   | Found a hole to the Spider Nest.
 10808 | Lair:2   | Noticed a four-headed hydra
 10818 | Lair:2   | Killed a four-headed hydra
 10827 | Lair:2   | Reached skill level 10 in Armour
 11256 | Lair:2   | Reached skill level 10 in Fighting
 12406 | Lair:4   | Noticed a seven-headed hydra
 12460 | Lair:4   | Killed a seven-headed hydra
 12562 | Lair:4   | Found a snail-covered altar of Cheibriados.
 12992 | Lair:4   | Reached XP level 13. HP: 73/83 MP: 15/26
 13000 | Lair:4   | Reached ***** piety under Vehumet
 13661 | Lair:5   | Offered knowledge of Olgreb's Toxic Radiance by Vehumet.
 13667 | Lair:5   | Learned a level 4 spell: Olgreb's Toxic Radiance
 13918 | Lair:5   | Learned a level 4 spell: Iskenderun's Mystic Blast
 14824 | Lair:6   | Entered Level 6 of the Lair of Beasts
 15508 | Lair:5   | Slain by a spiny frog

Levels and vault maps discovered:
D:1:      scummos_arrival_checkerplants, layout_rooms, hangedman_decor_points
D:2:      layout_basic, grunt_temple_overflow_opulence, marbit_many_paths,
          nicolae_overflow_hidden_temple
D:3:      layout_basic, nicolae_overflow_crystal_walls, chequers_hall_statues_y
D:4:      layout_loops_cross, serial_shops, nicolae_shop_crystal,
          nicolae_shop_window_shopping, nicolae_shop_overgrown_old_shop, shop,
          first_ration, minivault_26
D:5:      layout_basic, slow_altar_1, serial_shops, nicolae_shop_crystal,
          tso_altar, uniq_duvessa, uniq_grinder
D:6:      layout_gridville, lemuel_crystal_altar, kennysheep_mini,
          minmay_temple_entry_statues_pillars, minivault_14,
          grunt_dithmenos_smoke_and_mirrors
D:7:      layout_loops_ring, serial_shops, shop
D:8:      layout_cave_pools
D:9:      layout_loops_ring, nicolae_ashenzari_panopticon, serial_shops,
          nicolae_shop_crystal, hangedman_little_slice_of_home
D:10:     layout_rooms, uniq_nergalle
D:11:     layout_rooms, erik_lair_dragon, tgw_sif, uniq_josephine, uniq_snorg
D:12:     layout_big_octagon, hiddenorc1_lemuel, serial_shops, shop,
          portal_ice_cave_rime, chequers_serial_rivers_small_b,
          chequers_serial_rivers_micro_d
Temple:   cyrus_temple_forest
Lair:1:   layout_chaotic_city, lemuel_oklob_altar, grunt_megastairs_3
Lair:2:   layout_hall_layers, minmay_swamp_entry_reptiles,
          nicolae_spider_entry_non_spiders
Lair:3:   layout_roguey
Lair:4:   layout_regular_city, lemuel_centaur_altar
Lair:5:   layout_regular_city, minmay_slime_entry_oklob_enclosed,
          serial_bayou_lake_a
Lair:6:   minmay_lair_end_enchanted_forest, layout_cave_pods

Skill      XL: |  1  2  3  4  5  6  7  8  9 10 11 12 13 |
---------------+----------------------------------------+-----
Spellcasting   | 1 2 3 4 6 7 9 |  9.8
Armour         | 4 5 6 7 8 9 10 11 | 11.2
Fighting       | 4 5 6 7 8 9 10 11 | 11.1
Shields        | 4 |  4.0
Long Blades    | 1 2 3 4 5 6 8 |  8.8
Conjurations   | 1 3 5 7 8 9 |  9.5
Earth Magic    | 1 6 8 |  8.0
Maces & Flails | |  2.9

Action                   |  1- 3 |  4- 6 |  7- 9 | 10-12 | 13-15 || total
-------------------------+-------+-------+-------+-------+-------++-------
Melee: Flail             |    74 |       |       |       |       ||    74
       Whip              |    53 |   129 |       |     9 |    10 ||   201
       Long sword        |       |    25 |   186 |   585 |   167 ||   963
 Cast: Shock             |       |       |     1 |     6 |     1 ||     8
       Sandblast         |       |       |       |    24 |     3 ||    27
       Force Lance       |       |       |       |     9 |     1 ||    10
       Fulminant Prism   |       |       |       |     8 |     5 ||    13
       Iskenderun's Myst |       |       |       |       |    34 ||    34
Evoke: Wand              |       |       |     5 |     4 |       ||     9
       Phial of floods   |       |       |       |     1 |       ||     1
  Use: Scroll            |     1 |     2 |     5 |     4 |     1 ||    13
       Potion            |       |       |     3 |     8 |     3 ||    14
  Eat: Chunk             |       |     6 |    14 |    18 |    11 ||    49
       Ration            |       |       |       |     2 |     1 ||     3
Armor: Scale mail        |    60 |    65 |   107 |   413 |   152 ||   797
       Skin              |       |       |       |       |    19 ||    19
Dodge: Dodged            |    42 |    53 |    69 |   304 |    92 ||   560
Block: Shield            |    59 |    81 |    31 |       |       ||   171
       Buckler           |       |       |    28 |   146 |    45 ||   219
       Rpst.: Long sword |       |     4 |    22 |    84 |    21 ||   131

Table legend:
 A = Non-vault XP
 B = Vault XP
 C = Vault XP percentage of total XP
 D = Non-vault monster count
 E = Vault monster count
 F = Vault count percentage of total count
                 A         B        C        D         E       F
            +---------+---------+-------+---------+---------+-------
      Total |   36827 |    7402 |  16.7 |     309 |      43 |  12.2
            +---------+---------+-------+---------+---------+-------
        D:1 |      46 |       0 |   0.0 |      22 |       0 |   0.0
        D:2 |      49 |       2 |   3.9 |      20 |       1 |   4.8
        D:3 |     109 |       0 |   0.0 |      23 |       0 |   0.0
        D:4 |     388 |       0 |   0.0 |      11 |       0 |   0.0
        D:5 |      86 |     540 |  86.3 |       8 |       4 |  33.3
        D:6 |     647 |       0 |   0.0 |      16 |       0 |   0.0
        D:7 |     376 |       0 |   0.0 |      11 |       0 |   0.0
        D:8 |     557 |       0 |   0.0 |      13 |       0 |   0.0
        D:9 |    2316 |     163 |   6.6 |      30 |       8 |  21.1
       D:10 |    1367 |     820 |  37.5 |      18 |       1 |   5.3
       D:11 |    4207 |    4063 |  49.1 |      41 |      13 |  24.1
       D:12 |     530 |       0 |   0.0 |       2 |       0 |   0.0
     Lair:1 |    2925 |     262 |   8.2 |      18 |       1 |   5.3
     Lair:2 |    5050 |    1107 |  18.0 |      21 |      11 |  34.4
     Lair:3 |    2221 |       0 |   0.0 |       9 |       0 |   0.0
     Lair:4 |    7224 |     445 |   5.8 |      17 |       4 |  19.0
     Lair:5 |    8729 |       0 |   0.0 |      29 |       0 |   0.0
            +---------+---------+-------+---------+---------+-------
